 Dungeon Sprint DCSS version 0.31-a0-408-gb642c7f9a3 (webtiles) character file.

Game seed: 11722591352189282671

5566609 rocky1 the Heavyweight Champion (level 21, 344/344 HPs)
             Began as a Troll Shapeshifter on July 30, 2023.
             Was an Initiate of Gozag.
             Escaped with the Orb
             ... and 3 runes!
             The game lasted 01:04:59 (11362 turns).

rocky1 the Heavyweight Champion (TrSh)             Turns: 11362, Time: 01:04:59

Health: 344/344    AC: 41    Str: 33    XL:     21   Next: 4%
Magic:  46/46      EV: 15    Int: 10    God:    Gozag
Gold:   17939      SH:  0    Dex: 12    Spells: 56/65 levels left

rFire   + .          .
                       - Unarmed
rCold   + . .        (no shield)
rNeg    + . .        r - melded +3 gold dragon scales
rPois   ∞            O - +0 hat of Poalext {Dex+4}
rElec   +            b - +2 cloak {Will+}
rCorr   .            (gloves unavailable)
SInv    .            (boots unavailable)
Will    +++..        Q - amulet of the Vendetta {Rampage rPois Regen+ Int+2 Slay+3}
Stlth   +            L - +5 ring of slaying
HPRegen 2.37/turn    v - ring "Ohux" {rF+ rC+ Will+ Stlth+}
MPRegen 0.30/turn

%: no teleportation, rampage
@: statue-form, gold aura, studying 3 skills, very slow
A: slow and powerful, torment resistance 1, boosted hp, large, unfitting armour,
claws 3, regeneration 1, (shaggy fur 1), (tough skin 1), clumsy 1, evolution 1
0: Orb of Zot
}: 3/3 runes: silver, golden, iron
a: Begin Untransformation, Renounce Religion, Potion Petition, Call Merchant,
Bribe Branch


You escaped.
You worshipped Gozag.
Gozag was extremely pleased with you.
You were a living statue of rough stone.
You visited 1 branch You collected 69333 gold pieces.
You spent 11780 gold pieces at shops.
You paid 39614 gold pieces to Gozag.

Inventory:

Hand Weapons
 c - the +13 sceptre of Asmodeus
   (You took it off Asmodeus in the Dungeon)

   Fire Summon: It may summon demons of flame and damnation when striking foes.
 j - the +6 sword of Cerebov {flame}
   (You took it off Cerebov in the Dungeon)
Missiles
 s - 24 large rocks (quivered)
Armour
 b - a +2 cloak of willpower (worn)
 r - +3 gold dragon scales (melded)
 A - a +4 cloak
 G - a +2 cloak of poison resistance
 O - the +0 hat of Poalext (worn) {Dex+4}
   (You found it in the Dungeon)

   Dex:       It affects your dexterity (+4).
 Y - a +4 hat
Jewellery
 a - the ring "Voes" {rElec rC++ rN+ MP+9 Int-3}
   (You found it in the Dungeon)

   [ring of positive energy]

   Int:       It affects your intelligence (-3).
   rC:        It greatly protects you from cold.
   rElec:     It insulates you from electricity.
   rN:        It protects you from negative energy.
   MP:        It affects your magic capacity (+9).
 q - the amulet "Ycevves" {Regen+ Str+4}
   (You found it in the Dungeon)

   [amulet of regeneration]

   Str:       It affects your strength (+4).
   Regen:     It increases your rate of health regeneration.
 v - the ring "Ohux" (right claw) {rF+ rC+ Will+ Stlth+}
   (You found it in the Dungeon)

   [ring of protection from fire]

   rF:        It protects you from fire.
   rC:        It protects you from cold.
   Will:      It increases your willpower.
   Stlth:     It makes you more stealthy.
 z - the ring of the Dripping Genius {rPois rC+ MP+9 Int-3}
   (You found it in the Dungeon)

   [ring of magical power]

   Int:       It affects your intelligence (-3).
   rC:        It protects you from cold.
   rPois:     It protects you from poison.
   MP:        It affects your magic capacity (+9).
 C - the ring "Imuler" {rC- Will+ rCorr Str+4}
   (You found it in the Dungeon)

   [ring of willpower]

   Str:       It affects your strength (+4).
   rC:        It makes you vulnerable to cold.
   rCorr:     It protects you from acid and corrosion.
   Will:      It increases your willpower.
 F - the ring of Gin and Tonic {rF+ rC- Str-3 Int+7 Dex+3}
   (You found it in the Dungeon)

   [ring of protection from fire]

   Str:       It affects your strength (-3).
   Int:       It affects your intelligence (+7).
   Dex:       It affects your dexterity (+3).
   rF:        It protects you from fire.
   rC:        It makes you vulnerable to cold.
 J - the ring of Tuuregok {Dex+6 SInv}
   (You found it in the Dungeon)

   [ring of dexterity]

   Dex:       It affects your dexterity (+6).
   SInv:      It lets you see invisible.
 L - a +5 ring of slaying (left claw)
 P - the ring of the Hare {EV+10}
   (You bought it in a shop in the Dungeon)

   [ring of evasion]

   EV:        It affects your evasion (+10).
 Q - the amulet of the Vendetta (around neck) {Rampage rPois Regen+ Int+2 Slay+3}
   (You bought it in a shop in the Dungeon)

   [amulet of regeneration]

   Int:       It affects your intelligence (+2).
   Slay:      It affects your accuracy & damage with ranged weapons and melee
   (+3).
   rPois:     It protects you from poison.
   Regen:     It increases your rate of health regeneration.
   Rampage:   It bestows one free step when moving towards enemies.
 R - the ring "Rizaomn" {Will+ SInv}
   (You found it in the Dungeon)

   [ring of see invisible]

   SInv:      It lets you see invisible.
   Will:      It increases your willpower.
 S - the ring "Vuqeulal" {Fire Will+}
   (You found it in the Dungeon)

   [ring of fire]

   It enhances your fire magic.
   rF:        It protects you from fire.
   rC:        It makes you vulnerable to cold.
   Will:      It increases your willpower.
 T - the ring "Xystim" {Will+ Dex+3}
   (You found it in the Dungeon)

   [ring of willpower]

   Dex:       It affects your dexterity (+3).
   Will:      It increases your willpower.
 U - the ring "Yqaff" {Str+4 Dex+4 Slay+4}
   (You found it in the Dungeon)

   [ring of slaying]

   Str:       It affects your strength (+4).
   Dex:       It affects your dexterity (+4).
   Slay:      It affects your accuracy & damage with ranged weapons and melee
   (+4).
Talismans
 K - a granite talisman
Wands
 h - a wand of roots (11)
 i - a wand of polymorph (17)
 l - a wand of light (4)
 u - a wand of flame (29)
 N - a wand of mindburst (14)
 W - a wand of paralysis (3)
Scrolls
 x - 5 scrolls of fog
 y - 8 scrolls of fear
 E - a scroll of poison
 H - 2 scrolls of immolation
Potions
 d - 17 potions of curing
 e - 18 potions of heal wounds
 f - a potion of ambrosia
 g - 10 potions of magic
 k - a potion of resistance
 m - 3 potions of berserk rage
 n - 3 potions of haste
 o - 2 potions of brilliance
 p - 3 potions of mutation
 t - 6 potions of might
 V - a potion of attraction
 X - a potion of enlightenment
Miscellaneous
 w - a phantom mirror
 D - a condenser vane
 I - a phial of floods


   Skills:
 O Level 27 Fighting
 O Level 27 Throwing
 + Level 12.9 Armour
 + Level 13.0 Dodging
 O Level 27 Unarmed Combat
 + Level 22.8 Spellcasting
 + Level 26.6 Ice Magic
 - Level 17.3 Evocations
 O Level 27 Shapeshifting


You had 56 spell levels left.
You knew the following spells:

 Your Spells              Type           Power      Damage    Failure   Level
a - Polar Vortex          Ice            29%        12d3*     7%          9

Your spell library contained the following spells:

 Spells                   Type           Power      Damage    Failure   Level
 Freeze                   Ice            100%       1d10      0%          1
 Frozen Ramparts          Ice            100%       1d16      0%          3
 Ozocubu's Armour         Ice            59%        N/A       0%          3
 Ensorcelled Hibernation  Hex/Ice        76%        N/A       1%          2
 Hailstorm                Conj/Ice       38%        3d9       1%          3
 Summon Ice Beast         Ice/Summ       38%        N/A       1%          4
 Metabolic Englaciation   Hex/Ice        19%        N/A       1%          5
 Ozocubu's Refrigeration  Ice            29%        4d14      1%          7
 Freezing Cloud           Conj/Ice/Air   14%        6-21      2%          5
 Apportation              Tloc           22%        N/A       3%          1
 Kiss of Death            Conj/Necr      44%        2d8       3%          1
 Necrotise                Necr           44%        1d6       3%          1
 Sandblast                Erth           22%        2d7       3%          1
 Slow                     Hex            44%        N/A       3%          1
 Summon Small Mammal      Summ           44%        N/A       3%          1
 Blink                    Tloc           22%        N/A       5%          2
 Cigotuvi's Dreadful Rot  Necr/Pois/Air  22%        N/A       5%          2
 Passwall                 Tmut/Erth      9%         N/A       5%          2
 Scorch                   Fire           22%        2d5       5%          2
 Wereblood                Tmut           11%        N/A       5%          2
 Call Canine Familiar     Summ           11%        N/A       11%         3
 Confusing Touch          Hex            11%        N/A       11%         3
 Ignite Poison            Fire/Tmut/Pois 11%        N/A       11%         3
 Inner Flame              Hex/Fire       11%        N/A       11%         3
 Portal Projectile        Hex/Tloc       22%        N/A       11%         3
 Stone Arrow              Conj/Erth      22%        3d8       11%         3
 Summon Guardian Golem    Hex/Summ       11%        N/A       11%         3
 Vampiric Draining        Necr           11%        2d6       11%         3
 Volatile Blastmotes      Fire/Tloc      22%        2d11      11%         3
 Anguish                  Hex/Necr       5%         N/A       36%         4
 Animate Armour           Summ/Erth      22%        N/A       36%         4
 Dispel Undead            Necr           11%        3d9       36%         4
 Fulminant Prism          Conj/Hex       5%         3d7       36%         4
 Iskenderun's Mystic Bla  Conj/Tloc      11%        2d4       36%         4
 Leda's Liquefaction      Hex/Erth       5%         N/A       36%         4
 Manifold Assault         Tloc           11%        N/A       36%         4
 Petrify                  Tmut/Erth      11%        N/A       36%         4
 Sticky Flame             Conj/Fire      11%        2d3       36%         4
 Summon Lightning Spire   Summ/Air       11%        N/A       36%         4
 Alistair's Intoxication  Tmut/Pois      7%         N/A       71%         5
 Borgnjor's Vile Clutch   Necr/Erth      5%         N/A       71%         5
 Irradiate                Conj/Tmut      5%         3d13      71%         5
 Lee's Rapid Deconstruct  Erth           5%         3d6*      71%         5
 Summon Forest            Summ/Tloc      5%         N/A       71%         5
 Summon Mana Viper        Hex/Summ       11%        N/A       71%         5
 Death Channel            Necr           5%         N/A       99%         6
 Eringya's Noxious Bog    Tmut/Pois      5%         4d6       99%         6
 Leda's Unmaking          Conj/Erth      5%         9d2       99%         6
 Haunt                    Necr/Summ      5%         N/A       100%        7
 Monstrous Menagerie      Summ           5%         N/A       100%        7
 Spellforged Servitor     Conj/Summ      5%         N/A       100%        7
 Ignition                 Fire           5%         3d4       100%        8
 Infestation              Necr           5%         N/A       100%        8
 Fire Storm               Conj/Fire      5%         8d2       100%        9
 Simulacrum               Ice/Necr       Unusable   N/A       N/A         6
 Sublimation of Blood     Necr           Unusable   N/A       N/A         2
 Animate Dead             Necr           Unusable   N/A       N/A         4

Dungeon Overview and Level Annotations

Branches:
Dungeon (1/1)

Altars:
Ashenzari
Cheibriados
Dithmenos
Elyvilon
Fedhas
Gozag
Hepliaklqana
Kikubaaqudgha
Makhleb
Nemelex Xobeh
Okawaru
Qazlal
Ru
Sif Muna
Trog
Uskayaw
Vehumet
Wu Jian
Xom
Yredelemnul
Zin
The Shining One
Jiyva
Lugonu

Shops:
D *=[[*?!=?[**(=!=*


Innate Abilities, Weirdness & Mutations

You are a living statue of rough stone.
Your actions are slow, but your melee attacks are powerful.
You are resistant to unholy torment.
Your maximum health is greatly increased.
Your equipment is partially melded.
You are too large for most types of armour.
You are immune to poison.
You have claws for hands.
Your natural rate of healing is unusually fast.
((You are covered in fur. (AC +1)))
((You have tough skin. (AC +1)))
You are clumsy. (Dex -2)
You have hidden genetic potential.


Message History

The bolt of cold hits you! You resist.
There is a huge open gate to the Vestibule (Extremely Hard), spattered with blood here.
There is a huge open gate to the Vestibule (Extremely Hard), spattered with blood here.
You rampage towards the blizzard demon!
The blizzard demon hits you but does no damage.
The blizzard demon closely misses you. The blizzard demon gestures at you.
The bolt of lightning hits you! You resist.
You eviscerate the blizzard demon!!!
The blizzard demon is almost dead.
You eviscerate the blizzard demon!!!!
You kill the blizzard demon!
Your Dodging skill increases to level 13!
You now have 17741 gold pieces (gained 81).
Things that are here:
a +0 trident; a +0 short sword; a +0 whip
There is a huge open gate to the Vestibule (Extremely Hard), spattered with blood here.
There is a huge open gate to the Vestibule (Extremely Hard), spattered with blood here.
You see here a +0 plate armour.
There is a huge open gate to the Grid Vault (Hard), spattered with blood here.
There is a huge open gate to the Main Hall (Safe) here.
There is a huge open gate to the Grid Vault (Hard) here.
There is a huge open gate to the Grid Vault (Hard) here.
A green death comes into view.
The green death roars!
There is an open door to the Entrance Hall (Safe) here.
You rampage towards the green death!
The green death gestures at you. The bolt of poison misses you.
The green death gestures at you.
The bolt of poison hits you but does no damage.
You resist.
You eviscerate the green death!!! You claw the green death.
The green death is almost dead.
You eviscerate the green death!!!
You kill the green death!
You now have 17939 gold pieces (gained 198).
There is a staircase leading out of the dungeon here.
You can't go down here!
You have escaped!

##########.##................''..
#..........))................''..
#'#####'#####......#..#......##..
#.#...#.#[[##................##..
#.#...#(#))#####'#####''#########
#.#...'.#))##.......##''#########
#.##)####))##.......##..#........
#.#.....#..##.......##..##.....).
#.#.....#'###...8...##..####...#'
#.#........##.......##..#..#####.
#.#........##.......##..#....##..
#'###########.......##..'....)#).
#.).....#..###########..'.....').
#.......#.############..'.....#).
#...#...#[#....#..[[##..#....##..
#..###..#)#....#..[[##..#..#####.
#...#...#.'....'..))##..####...#)


There were no monsters in sight!

Vanquished Creatures
  Cerebov (D)
  Asmodeus (D)
  Dissolution (D)
  Gloorx Vloq (D)
  Lom Lobon (D)
  2 orbs of fire (D)
  Mennas (D)
  Mara (D)
  5 ancient liches (D)
  Boris (D)
  Margery (D)
  A Killer Klown (D)
  Xtahua (D)
  A curse toe (D)
  11 pandemonium lords (D)
  Frederick (D)
  the Lernaean hydra (D)
  17 golden dragons (D)
  Nikola (D)
  4 profane servitors (D)
  2 bone dragons (D)
  2 electric golems (D)
  2 pearl dragons (D)
  5 Brimstone Fiends (D)
  8 Tzitzimimeh (D)
  A Hell Sentinel (D)
  5 Ice Fiends (D)
  2 hellephants (D)
  2 tentacled monstrosities (D)
  26 Orb Guardians (D)
  2 liches (D)
  2 deep elf blademasters (D)
  7 quicksilver dragons (D)
  2 deep elf master archers (D)
  4 titans (D)
  An acid blob (D)
  Frances (D)
  2 sphinxes (D)
  2 death cobs (D)
  Agnes (D)
  Gastronok (D)
  12 shadow dragons (D)
  Donald (D)
  A daeva (D)
  A draconian monk (D)
  2 azure jellies (D)
  A draconian knight (D)
  2 rockslimes (D)
  2 fire giants (D)
  6 nagarajas (D)
  8 iron dragons (D)
  2 draconian scorchers (D)
  Louise (D)
  6 frost giants (D)
  2 ghost moths (D)
  An emperor scorpion (D)
  4 orc warlords (D)
  2 balrugs (D)
  3 cacodemons (D)
  A draconian shifter (D)
  A draconian annihilator (D)
  An angel (D)
  3 draconian stormcallers (D)
  A spriggan defender (D)
  A vampire knight (D)
  5 stone giants (D)
  An apis (D)
  2 ophanim (D)
  A black draconian (D)
  3 deep elf demonologists (D)
  2 lorocyprocas (D)
  A deep elf annihilator (D)
  5 dire elephants (D)
  2 red draconians (D)
  4 yellow draconians (D)
  A white draconian (D)
  2 deep elf death magi (D)
  3 blizzard demons (D)
  5 green deaths (D)
  A great orb of eyes (D)
  11 fire dragons (D)
  A merfolk javelineer (D)
  4 vault guards (D)
  A deep elf high priest (D)
  14 ice dragons (D)
  18 hydras (D)
  A rakshasa (D)
  A spriggan air mage (D)
  2 alligator snapping turtles (D)
  An anaconda (D)
  2 merfolk avatars (D)
  A merfolk aquamancer (D)
  An iron elemental (D)
  6 two-headed ogres (D)
  2 dancing weapons (D)
  2 ogre magi (D)
  2 death knights (D)
  8 catoblepae (D)
  A hell hog (D)
  2 spriggan berserkers (D)
  2 demonic crawlers (D)
  5 naga warriors (D)
  A vampire mage (D)
  A deep elf knight (D)
  6 hell knights (D)
  Nergalle (D)
  An iron troll (D)
  2 fire crabs (D)
  3 sun demons (D)
  A death drake (D)
  A spriggan druid (D)
  14 swamp dragons (D)
  2 wizards (D)
  A swamp dragon (shapeshifter) (D)
  9 orc knights (D)
  5 necromancers (D)
  A deep elf pyromancer (D)
  6 harpies (D)
  2 lindwurms (D)
  An ugly thing (D)
  3 orc sorcerers (D)
  A manticore (D)
  2 cyclopes (D)
  A guardian serpent (D)
  A moth of wrath (D)
  A salamander (shapeshifter) (D)
  A merfolk siren (D)
  A rust devil (D)
  A water nymph (shapeshifter) (D)
  2 elephants (D)
  An eye of devastation (D)
  A smoke demon (D)
  2 naga magi (D)
  An efreet (D)
  An orange demon (D)
  3 hellions (D)
  7 rime drakes (D)
  2 kobold demonologists (D)
  An ice devil (D)
  8 komodo dragons (D)
  A komodo dragon (shapeshifter) (D)
  A wandering mushroom (D)
  2 red devils (D)
  A troll (D)
  A polar bear (D)
  4 merfolk (D)
  2 small abominations (D)
  A tarantella (D)
  A wind drake (D)
  A raiju (shapeshifter) (D)
  A large abomination (D)
  2 spriggans (D)
  5 jumping spiders (D)
  A wraith (D)
  A shadow (D)
  2 fire elementals (D)
  5 wyverns (D)
  3 water elementals (D)
  5 steam dragons (D)
  A fire bat (D)
  5 basilisks (D)
  A golden eye (D)
  4 redbacks (D)
  2 vampire mosquitoes (D)
  2 nagas (D)
  4 wargs (D)
  4 acid dragons (D)
  5 swamp drakes (D)
  6 floating eyes (D)
  7 orc warriors (D)
  5 ogres (D)
  2 centaurs (D)
  Blork the orc (D)
  A bullfrog (D)
  An earth elemental (D)
  A necrophage (D)
  3 killer bees (D)
  A quasit (D)
  A jelly (D)
  An orc priest (D)
  A gnoll bouda (D)
  An iron imp (D)
  An iguana (D)
  An orc wizard (D)
  A hell rat (D)
  A river rat (D)
  An adder (D)
  6 gnolls (D)
  An adder skeleton (D)
  An adder simulacrum (D)
  7 orcs (D)
  A ball python (D)
  A bat (D)
  A bat zombie (D)
  2 endoplasms (D)
  3 hobgoblins (D)
  2 kobolds (D)
  A frilled lizard (D)
  A ball lightning (D)
  4 fire vortices (D)
560 creatures vanquished.

Vanquished Creatures (others)
  A war gargoyle (D)
  A green death (D)
  A steam dragon (D)
  An orc wizard (D)
  A bat zombie (D)
  2 ball lightnings (D)
7 creatures vanquished.

Grand Total: 567 creatures vanquished

Notes
Turn   | Place    | Note
-------+----------+-------------------------------------------
     0 | D        | rocky1 the Troll Shapeshifter began the quest for the Orb.
     0 | D        | Reached XP level 1. HP: 18/18 MP: 0/0
    16 | D        | Reached skill level 1 in Fighting
    16 | D        | Reached XP level 2. HP: 19/28 MP: 1/1
    20 | D        | Found a bloodstained altar of Trog.
    20 | D        | Found a shimmering blue altar of Sif Muna.
    20 | D        | Found a viscous altar of Jiyva.
    20 | D        | Found a hazy altar of Hepliaklqana.
    20 | D        | Found an opulent altar of Gozag.
    21 | D        | Found a glowing golden altar of the Shining One.
    21 | D        | Found a glowing silver altar of Zin.
    21 | D        | Found a basalt altar of Yredelemnul.
    21 | D        | Found a shimmering altar of Xom.
    21 | D        | Found an ornate altar of the Wu Jian Council.
    21 | D        | Found a sacrificial altar of Ru.
    21 | D        | Found a stormy altar of Qazlal.
    21 | D        | Found an iron altar of Okawaru.
    21 | D        | Found a sparkling altar of Nemelex Xobeh.
    21 | D        | Found a burning altar of Makhleb.
    21 | D        | Found a blossoming altar of Fedhas.
    21 | D        | Found a white marble altar of Elyvilon.
    21 | D        | Found a shadowy altar of Dithmenos.
    21 | D        | Found a snail-covered altar of Cheibriados.
    24 | D        | Found a corrupted altar of Lugonu.
    24 | D        | Found a radiant altar of Vehumet.
    25 | D        | Found an ancient bone altar of Kikubaaqudgha.
    25 | D        | Found a hide-covered altar of Uskayaw.
    25 | D        | Found a broken altar of Ashenzari.
    28 | D        | Became a worshipper of Gozag Ym Sagoz the Greedy
   386 | D        | Noticed an ogre
   390 | D        | Reached skill level 5 in Unarmed Combat
   396 | D        | Reached XP level 3. HP: 36/36 MP: 2/2
   397 | D        | Killed an ogre
   398 | D        | Reached XP level 4. HP: 48/48 MP: 3/3
   471 | D        | Noticed a centaur
   480 | D        | Reached skill level 5 in Shapeshifting
   480 | D        | Reached XP level 5. HP: 54/54 MP: 4/4
   483 | D        | Killed a centaur
   498 | D        | Noticed Blork the orc
   505 | D        | Killed Blork the orc
   506 | D        | Reached skill level 5 in Fighting
   506 | D        | Reached XP level 6. HP: 48/66 MP: 5/5
   625 | D        | Noticed an orc warrior
   629 | D        | Killed an orc warrior
   630 | D        | Reached skill level 10 in Unarmed Combat
   643 | D        | Noticed an acid dragon
   649 | D        | Killed an acid dragon
   675 | D        | Noticed an orc warrior
   686 | D        | Killed an orc warrior
   687 | D        | Reached XP level 7. HP: 33/76 MP: 6/6
   732 | D        | Bought a +2 robe of willpower for 247 gold pieces
   847 | D        | Noticed a wraith
   847 | D        | Noticed a steam dragon
   853 | D        | Killed a steam dragon
   855 | D        | Killed a wraith
  1070 | D        | Noticed a spriggan
  1070 | D        | Noticed a redback
  1075 | D        | Killed a redback
  1081 | D        | Killed a spriggan
  1082 | D        | Reached XP level 8. HP: 87/87 MP: 7/7
  1100 | D        | Noticed a jumping spider
  1100 | D        | Noticed a tarantella
  1100 | D        | Noticed a red devil
  1108 | D        | Killed a tarantella
  1110 | D        | Killed a red devil
  1112 | D        | Killed a jumping spider
  1118 | D        | Reached XP level 9. HP: 34/97 MP: 8/8
  1330 | D        | Noticed Gastronok
  1330 | D        | Noticed a death cob
  1338 | D        | Killed a death cob
  1339 | D        | Reached skill level 15 in Unarmed Combat
  1339 | D        | Reached skill level 10 in Shapeshifting
  1346 | D        | Killed Gastronok
  1347 | D        | Reached skill level 10 in Fighting
  1347 | D        | Reached XP level 10. HP: 63/111 MP: 9/9
  1449 | D        | Bought +2 gold dragon scales for 1288 gold pieces
  1659 | D        | Noticed a demonic crawler
  1666 | D        | Killed a demonic crawler
  1667 | D        | Reached skill level 1 in Armour
  1708 | D        | Noticed a cyclops
  1721 | D        | Noticed a smoke demon
  1729 | D        | Killed a smoke demon
  1737 | D        | Killed a cyclops
  1874 | D        | Noticed an orc sorcerer
  1892 | D        | Killed an orc sorcerer
  2037 | D        | Noticed an ogre mage
  2037 | D        | Noticed a two-headed ogre
  2037 | D        | Noticed a two-headed ogre
  2037 | D        | Noticed a two-headed ogre
  2040 | D        | Killed a two-headed ogre
  2043 | D        | Noticed a two-headed ogre
  2043 | D        | Killed a two-headed ogre
  2044 | D        | Reached skill level 5 in Dodging
  2044 | D        | Noticed a two-headed ogre
  2047 | D        | Reached XP level 11. HP: 87/120 MP: 10/10
  2050 | D        | Killed a lorocyproca
  2051 | D        | Reached skill level 5 in Armour
  2113 | D        | Killed a two-headed ogre
  2118 | D        | Killed a two-headed ogre
  2248 | D        | Killed a two-headed ogre
  2252 | D        | Killed an ogre mage
  2450 | D        | Noticed a death cob
  2457 | D        | Killed a death cob
  2705 | D        | Noticed a demonic crawler
  2731 | D        | Killed a demonic crawler
  2749 | D        | Reached XP level 12. HP: 100/133 MP: 11/11
  3029 | D        | Bought a twisted peridot amulet for 185 gold pieces
  3029 | D        | Bought a scroll of identify for 74 gold pieces
  3029 | D        | Bought a scroll labelled WUAJOE DEKHESE for 37 gold pieces
  3029 | D        | Bought a bone staff for 444 gold pieces
  3029 | D        | Identified the staff of Eternity {rN++ Will+ Earth} (You
                  | bought it in a shop in the Dungeon)
  3038 | D        | Bought a glowing cloak for 270 gold pieces
  3038 | D        | Bought shiny swamp dragon scales for 1908 gold pieces
  3169 | D        | Noticed a death knight
  3169 | D        | Noticed a deep elf blademaster
  3175 | D        | Killed a deep elf blademaster
  3186 | D        | Killed a death knight
  3285 | D        | Noticed an ice dragon
  3285 | D        | Noticed Agnes
  3285 | D        | Noticed a hell hog
  3285 | D        | Noticed a merfolk aquamancer
  3287 | D        | Killed a hell hog
  3292 | D        | Noticed an emperor scorpion
  3299 | D        | Killed an emperor scorpion
  3312 | D        | Killed a merfolk aquamancer
  3319 | D        | Killed Agnes
  3325 | D        | Killed an ice dragon
  3333 | D        | Noticed a lorocyproca
  3338 | D        | Noticed a ghost moth
  3346 | D        | Killed a lorocyproca
  3348 | D        | Noticed Donald
  3349 | D        | Reached XP level 13. HP: 53/141 MP: 0/12
  3352 | D        | Killed Donald
  3356 | D        | Killed a ghost moth
  3356 | D        | Noticed an angel
  3380 | D        | Killed an angel
  3480 | D        | Got Lifak's Lessons on Embers and the Tesseract
  3700 | D        | Reached skill level 1 in Throwing
  3840 | D        | Bought the amulet of Qorudghic {Faith rElec rF+ SInv} for
                  | 847 gold pieces
  3840 | D        | Bought a granite talisman for 1040 gold pieces
  3840 | D        | Bought the ring "Uphierph" {rElec rCorr SInv} for 496 gold
                  | pieces
  3855 | D        | Noticed an orc warlord
  3901 | D        | Noticed an orc warlord
  3908 | D        | Killed an orc warlord
  3911 | D        | Reached skill level 27 in Unarmed Combat
  3919 | D        | Killed an orc warlord
  3944 | D        | Reached skill level 5 in Throwing
  4030 | D        | Noticed a fire dragon
  4037 | D        | Noticed a deep elf blademaster
  4041 | D        | Killed a fire dragon
  4062 | D        | Killed a deep elf blademaster
  4068 | D        | HP: 3/219 [vault guard/+0 dire flail (14)]
  4434 | D        | Reached XP level 14. HP: 93/157 MP: 13/13
  4495 | D        | Noticed an ophan
  4505 | D        | Killed an ophan
  4613 | D        | Bought a potion of haste for 150 gold pieces
  4613 | D        | Bought a potion of magic for 120 gold pieces
  4613 | D        | Bought a potion of curing for 45 gold pieces
  4613 | D        | Bought a potion of mutation for 120 gold pieces
  4613 | D        | Bought a potion of curing for 45 gold pieces
  4613 | D        | Bought a potion of might for 60 gold pieces
  4617 | D        | Bought a potion of ambrosia for 120 gold pieces
  5017 | D        | Reached skill level 15 in Fighting
  5039 | D        | Noticed a nagaraja
  5040 | D        | Noticed a stone giant
  5046 | D        | Killed a nagaraja
  5050 | D        | Killed a stone giant
  5234 | D        | Noticed an ophan
  5236 | D        | Noticed an iron dragon
  5269 | D        | Killed an ophan
  5301 | D        | Noticed a bone dragon
  5303 | D        | Noticed a frost giant
  5313 | D        | Killed a bone dragon
  5314 | D        | Reached skill level 15 in Shapeshifting
  5317 | D        | Killed a frost giant
  5476 | D        | Noticed a vampire knight
  5484 | D        | Noticed a fire giant
  5492 | D        | Killed a vampire knight
  5498 | D        | Killed an iron dragon
  5499 | D        | Reached skill level 10 in Throwing
  5501 | D        | Killed a fire giant
  5503 | D        | Noticed Frederick
  5524 | D        | Killed Frederick
  5560 | D        | Noticed a ghost moth
  5567 | D        | Killed a ghost moth
  5625 | D        | Noticed a nagaraja
  5636 | D        | Killed a nagaraja
  5649 | D        | Noticed an Ice Fiend
  5649 | D        | Noticed a balrug
  5656 | D        | Killed an Ice Fiend
  5657 | D        | Killed a balrug
  5658 | D        | Noticed a hellephant
  5788 | D        | Noticed Nergalle
  5795 | D        | Killed Nergalle
  5802 | D        | Killed a hellephant
  5845 | D        | Paralysed by a floating eye for 2 turns
  5882 | D        | Noticed Mennas
  5896 | D        | Noticed a nagaraja
  5902 | D        | Killed a nagaraja
  5907 | D        | Reached XP level 15. HP: 145/174 MP: 14/14
  5917 | D        | Killed Mennas
  6008 | D        | Found the +3 Mad Mage's Maulers {Infuse+∞ VampMP -Cast}
  6081 | D        | Noticed a deep elf master archer
  6090 | D        | Killed a deep elf master archer
  6431 | D        | Got the +0 hat of Poalext {Dex+4}
  6452 | D        | Bought the ring of the Hare {EV+10} for 1792 gold pieces
  6452 | D        | Found the ring of the Hare {EV+10}
  6452 | D        | Bought the amulet of the Vendetta {Rampage rPois Regen+
                  | Int+2 Slay+3} for 812 gold pieces
  6588 | D        | Noticed a golden dragon
  6601 | D        | Killed a golden dragon
  6637 | D        | Reached skill level 15 in Throwing
  6761 | D        | Got the ring "Ykke" {rPois rF+}
  6778 | D        | Got a silver rune of Zot
  6933 | D        | Bought a potion of mutation for 136 gold pieces
  6933 | D        | Bought a scroll of silence for 161 gold pieces
  6933 | D        | Bought a wand of mindburst (6) for 142 gold pieces
  7025 | D        | Noticed a Tzitzimitl
  7027 | D        | Killed a Tzitzimitl
  7035 | D        | Noticed a Tzitzimitl
  7039 | D        | Killed a Tzitzimitl
  7044 | D        | Noticed a Brimstone Fiend
  7050 | D        | Noticed Muomnueg the pandemonium lord
  7059 | D        | Killed Muomnueg the pandemonium lord
  7087 | D        | Noticed a frost giant
  7090 | D        | Killed a frost giant
  7116 | D        | Bought a wand of mindburst (8) for 268 gold pieces
  7116 | D        | Bought a potion of berserk rage for 120 gold pieces
  7116 | D        | Bought a scroll labelled FIUJEQ HAIVUO for 24 gold pieces
  7122 | D        | Noticed Frances
  7125 | D        | Noticed a nagaraja
  7132 | D        | Noticed a black draconian knight
  7133 | D        | Killed a nagaraja
  7134 | D        | Reached skill level 1 in Evocations
  7134 | D        | Reached XP level 16. HP: 191/191 MP: 15/15
  7136 | D        | Noticed a sphinx
  7138 | D        | Killed a sphinx
  7157 | D        | Killed Frances
  7168 | D        | Reached skill level 5 in Evocations
  7175 | D        | Noticed a curse toe
  7175 | D        | Noticed an ancient lich
  7183 | D        | Killed a curse toe
  7193 | D        | Killed an ancient lich
  7289 | D        | Got Xocwe's Papyrus of the Traveller and the Iceberg
  7301 | D        | Got the Parchment of Geometric Concussion
  7368 | D        | Got the ring of Suntiy {rPois rF+ Dex+6 Stlth+}
  7370 | D        | Got the amulet "Qidghyrch" {RegenMP Dex+4 Stlth+}
  7372 | D        | Got the amulet of Cewkosur {RegenMP rF+ Str+3}
  7374 | D        | Got the amulet of Vato {Reflect +Inv rF- Dex+3 SH+5}
  7376 | D        | Got the amulet "Xenoc" {+Inv Regen+}
  7378 | D        | Got the ring of the Skies Above {rElec rPois rC- Str+8
                  | Stlth-}
  7380 | D        | Got the amulet "Cavavesm" {Acrobat rN+++ Int-5 SInv Stlth+}
  7382 | D        | Got the amulet "Foerhi" {Reflect rC+ Str+2 SH+5 SInv}
  7421 | D        | Gained mutation: You sometimes lose your temper in combat.
                  | [potion of mutation]
  7421 | D        | Gained mutation: Your body sometimes deteriorates upon
                  | taking damage. [potion of mutation]
  7422 | D        | Lost mutation: Your body sometimes deteriorates upon taking
                  | damage. [potion of mutation]
  7422 | D        | Lost mutation: You sometimes lose your temper in combat.
                  | [potion of mutation]
  7422 | D        | Gained mutation: You are dopey. (Int -2) [potion of
                  | mutation]
  7422 | D        | Gained mutation: You are partially covered in large bone
                  | plates. (SH +4) [potion of mutation]
  7422 | D        | Lost mutation: You are dopey. (Int -2) [potion of mutation]
  7459 | D        | Got the amulet "Paysmu" {RegenMP Regen+}
  7461 | D        | Got the amulet of the Sneaky Geomancers {Spirit +Inv rElec
                  | rC-}
  7463 | D        | Got the amulet "Pimoag" {Spirit Will+}
  7466 | D        | Got the ring "Keepec" {Fire Dex+4}
  7468 | D        | Got the amulet of Autumn {Reflect rPois Regen+ SH+5}
  7526 | D        | Found the +11 plutonium sword {Contam Stlth-}
  7526 | D        | Noticed Mara
  7526 | D        | Noticed Boris
  7526 | D        | Noticed Dissolution
  7535 | D        | Killed Boris
  7581 | D        | Noticed a Brimstone Fiend
  7583 | D        | Killed a Brimstone Fiend
  7587 | D        | Noticed Poxubbu the pandemonium lord
  7599 | D        | Killed Poxubbu the pandemonium lord
  7672 | D        | Noticed a profane servitor
  7677 | D        | Killed a profane servitor
  7681 | D        | Noticed a quicksilver dragon
  7685 | D        | Killed a quicksilver dragon
  7686 | D        | Reached skill level 10 in Evocations
  7689 | D        | Noticed a Tzitzimitl
  7692 | D        | Killed a Tzitzimitl
  7820 | D        | Noticed a shadow dragon
  7820 | D        | Noticed a golden dragon
  7820 | D        | Noticed a golden dragon
  7820 | D        | Noticed a shadow dragon
  7820 | D        | Noticed a golden dragon
  7820 | D        | Noticed a shadow dragon
  7820 | D        | Noticed a shadow dragon
  7821 | D        | Noticed a golden dragon
  7821 | D        | Noticed a quicksilver dragon
  7824 | D        | Noticed a shadow dragon
  7826 | D        | Killed a golden dragon
  7828 | D        | Noticed a quicksilver dragon
  7828 | D        | Noticed a shadow dragon
  7828 | D        | Noticed a golden dragon
  7828 | D        | Noticed a quicksilver dragon
  7828 | D        | Noticed a golden dragon
  7828 | D        | Noticed a quicksilver dragon
  7828 | D        | Noticed a golden dragon
  7828 | D        | Noticed a shadow dragon
  7828 | D        | Noticed a quicksilver dragon
  7828 | D        | Noticed a shadow dragon
  7828 | D        | Noticed a quicksilver dragon
  7828 | D        | Noticed a shadow dragon
  7828 | D        | Noticed a golden dragon
  7828 | D        | Noticed a shadow dragon
  7828 | D        | Noticed a golden dragon
  7828 | D        | Found the +5 scythe "Finisher" {speed, execute}
  7828 | D        | Found the +9 scales of the Dragon King {rPois rF+ rC+
                  | Will+}
  7828 | D        | Found the +3 pair of gauntlets of War {Slay+5}
  7831 | D        | Noticed a golden dragon
  7831 | D        | Killed a shadow dragon
  7832 | D        | Killed a golden dragon
  7834 | D        | Killed a quicksilver dragon
  7836 | D        | Noticed a golden dragon
  7841 | D        | Killed a golden dragon
  7842 | D        | Noticed a shadow dragon
  7843 | D        | Killed a shadow dragon
  7844 | D        | Reached XP level 17. HP: 214/214 MP: 16/16
  7849 | D        | Noticed a golden dragon
  7849 | D        | Killed a golden dragon
  7854 | D        | Killed a golden dragon
  7855 | D        | Noticed a golden dragon
  7857 | D        | Killed a golden dragon
  7858 | D        | Killed a quicksilver dragon
  7858 | D        | Noticed a golden dragon
  7862 | D        | Killed a quicksilver dragon
  7864 | D        | Killed a golden dragon
  7866 | D        | Killed a golden dragon
  7882 | D        | Killed a quicksilver dragon
  7884 | D        | Killed a golden dragon
  7887 | D        | Killed a golden dragon
  7897 | D        | Noticed a golden dragon
  7898 | D        | Killed a golden dragon
  7908 | D        | Killed a golden dragon
  7913 | D        | Killed a golden dragon
  7914 | D        | Reached skill level 15 in Evocations
  7920 | D        | Killed a quicksilver dragon
  7923 | D        | Killed a quicksilver dragon
  7925 | D        | Killed a golden dragon
  7926 | D        | Killed a golden dragon
  7931 | D        | Reached XP level 18. HP: 189/232 MP: 17/17
  8046 | D        | Got the Secrets of the Solid Volcano
  8083 | D        | Got a golden rune of Zot
  8292 | D        | Bought a scroll of blinking for 142 gold pieces
  8292 | D        | Bought a scroll of fear for 76 gold pieces
  8293 | D        | Bought a potion of might for 68 gold pieces
  8293 | D        | Bought a potion of attraction for 51 gold pieces
  8293 | D        | Bought a potion of heal wounds for 85 gold pieces
  8293 | D        | Bought a potion of curing for 51 gold pieces
  8294 | D        | Bought a scroll of fear for 80 gold pieces
  8294 | D        | Bought a scroll of fog for 80 gold pieces
  8298 | D        | Bought a blackened ivory wand for 160 gold pieces
  8298 | D        | Bought a ruby potion for 36 gold pieces
  8396 | D        | Got the ring "Kamor" {Str+6 Int+3 Dex+3}
  8398 | D        | Got the ring of Wyxton {Fire Contam rN+++ rCorr Str-3}
  8400 | D        | Got the ring "Wadeaz" {Str+8 Int-2 Dex+3 SInv}
  8402 | D        | Got the ring "Loodofigg" {rPois rC+ rN+}
  8404 | D        | Got the ring "Owyteag" {rC+ Will- EV+6 Stlth+}
  8406 | D        | Got the ring of Demons {Str+4 Int+6 Dex+3}
  8408 | D        | Got the ring "Ohux" {rF+ rC+ Will+ Stlth+}
  8410 | D        | Got the ring of Beauty {rPois rF+ Will+ Dex+3 Stlth+}
  8412 | D        | Got the ring of Lus Vioph {Ice Str+2}
  8414 | D        | Got the ring "Adghelur" {rF- EV+6 Int+5}
  8416 | D        | Got the ring of the Hero {Drain rF- rN+++ Slay+3 SInv}
  8497 | D        | Killed Mara
  8505 | D        | Killed Dissolution
  8615 | D        | Noticed an orb of fire
  8618 | D        | Gained mutation: Potions are less effective at restoring
                  | your health. [an orb of fire]
  8619 | D        | Killed an orb of fire
  8631 | D        | Lost mutation: You are partially covered in large bone
                  | plates. (SH +4) [potion of mutation]
  8631 | D        | Lost mutation: Potions are less effective at restoring your
                  | health. [potion of mutation]
  8631 | D        | Gained mutation: Your body sometimes deteriorates upon
                  | taking damage. [potion of mutation]
  8631 | D        | Gained mutation: You are partially covered in large bone
                  | plates. (SH +4) [potion of mutation]
  8632 | D        | Lost mutation: Your body sometimes deteriorates upon taking
                  | damage. [potion of mutation]
  8632 | D        | Lost mutation: You are partially covered in large bone
                  | plates. (SH +4) [potion of mutation]
  8632 | D        | Gained mutation: You are clumsy. (Dex -2) [potion of
                  | mutation]
  8632 | D        | Gained mutation: Your body sometimes deteriorates upon
                  | taking damage. [potion of mutation]
  8632 | D        | Gained mutation: Your mind is acute. (Int +4, Str/Dex -1)
                  | [potion of mutation]
  8643 | D        | Learned a level 9 spell: Polar Vortex
  8658 | D        | Noticed a Tzitzimitl
  8665 | D        | Killed a Tzitzimitl
  8666 | D        | Reached skill level 27 in Fighting
  8666 | D        | Reached skill level 27 in Shapeshifting
  8672 | D        | Noticed a Brimstone Fiend
  8674 | D        | Killed a Brimstone Fiend
  8685 | D        | Noticed a profane servitor
  8685 | D        | Noticed a bone dragon
  8692 | D        | Killed a profane servitor
  8694 | D        | Killed a bone dragon
  8736 | D        | Noticed a Hell Sentinel
  8736 | D        | Noticed an ancient lich
  8738 | D        | Killed an ancient lich
  8739 | D        | Reached skill level 27 in Throwing
  8741 | D        | Killed a Hell Sentinel
  8757 | D        | Noticed an electric golem
  8760 | D        | Killed an electric golem
  8765 | D        | Noticed a golden dragon
  8768 | D        | Reached skill level 5 in Ice Magic
  8770 | D        | Killed a golden dragon
  8771 | D        | Reached skill level 5 in Spellcasting
  8779 | D        | Noticed Lom Lobon
  8792 | D        | Noticed a Brimstone Fiend
  8794 | D        | Noticed Paedyc the pandemonium lord
  8798 | D        | Killed Lom Lobon
  8800 | D        | Killed Paedyc the pandemonium lord
  8802 | D        | Killed a Brimstone Fiend
  8804 | D        | Noticed a Tzitzimitl
  8805 | D        | Noticed Margery
  8807 | D        | Noticed a tentacled monstrosity
  8811 | D        | Killed a Tzitzimitl
  8812 | D        | Reached skill level 10 in Ice Magic
  8817 | D        | Killed Margery
  8817 | D        | Noticed Nyp Ekhy the pandemonium lord
  8818 | D        | Noticed Nookkox the pandemonium lord
  8823 | D        | Killed a tentacled monstrosity
  8823 | D        | Noticed a tentacled monstrosity
  8832 | D        | Noticed a Brimstone Fiend
  8834 | D        | Killed Nyp Ekhy the pandemonium lord
  8835 | D        | Reached skill level 10 in Spellcasting
  8839 | D        | Noticed Enexzo Deng the pandemonium lord
  8843 | D        | Killed Nookkox the pandemonium lord
  8844 | D        | Reached XP level 19. HP: 100/245 MP: 12/32
  8844 | D        | Noticed Vataoting the pandemonium lord
  8845 | D        | Killed Enexzo Deng the pandemonium lord
  8851 | D        | Killed Vataoting the pandemonium lord
  8852 | D        | Noticed an ancient lich
  8852 | D        | Killed a Brimstone Fiend
  8857 | D        | Killed an ancient lich
  9225 | D        | Noticed a Brimstone Fiend
  9226 | D        | Killed a Brimstone Fiend
  9227 | D        | Reached skill level 15 in Ice Magic
  9294 | D        | Got the ring "Voes" {rElec rC++ rN+ MP+9 Int-3}
  9314 | D        | Got the amulet "Cox Faon" {Faith rF+ Regen+ Dex-2}
  9316 | D        | Got the amulet "Risasu" {Faith Rampage Drain +Inv Str+2}
  9319 | D        | Got the ring "Tinyam" {Str+2 Dex+6}
  9321 | D        | Got the ring of the Firefly {rC+ rCorr}
  9323 | D        | Got the amulet "Jinic" {Acrobat Fragile Fly Will++ rCorr}
  9328 | D        | Got the ring "Imuler" {rC- Will+ rCorr Str+4}
  9330 | D        | Got the ring "Erol" {rCorr Str+6}
  9332 | D        | Got the ring of Salvation {*Slow Fly Will+ Dex+4 SInv}
  9347 | D        | Got an iron rune of Zot
  9481 | D        | Noticed a Tzitzimitl
  9485 | D        | Found the +13 sceptre of Asmodeus
  9485 | D        | Noticed Asmodeus
  9488 | D        | Noticed the 27-headed Lernaean hydra
  9489 | D        | Killed a Tzitzimitl
  9504 | D        | Killed the 26-headed Lernaean hydra
  9511 | D        | Killed Asmodeus
  9519 | D        | Noticed a profane servitor
  9662 | D        | Noticed Nikola
  9663 | D        | Reached skill level 15 in Spellcasting
  9663 | D        | Noticed a Tzitzimitl
  9678 | D        | Killed a Tzitzimitl
  9689 | D        | Killed Nikola
  9695 | D        | Found the +6 sword of Cerebov {flame}
  9695 | D        | Noticed Cerebov
  9721 | D        | Killed a profane servitor
  9727 | D        | Killed Cerebov
  9748 | D        | HP: 4/318 [deep elf annihilator/crystal spear (59)]
 10124 | D        | Got the amulet "Ycevves" {Regen+ Str+4}
 10126 | D        | Got the ring of the Dripping Genius {rPois rC+ MP+9 Int-3}
 10128 | D        | Got the ring of Gin and Tonic {rF+ rC- Str-3 Int+7 Dex+3}
 10130 | D        | Got the ring of Tuuregok {Dex+6 SInv}
 10132 | D        | Got the ring "Rizaomn" {Will+ SInv}
 10134 | D        | Got the ring "Vuqeulal" {Fire Will+}
 10136 | D        | Got the ring "Xystim" {Will+ Dex+3}
 10138 | D        | Got the ring "Yqaff" {Str+4 Dex+4 Slay+4}
 10344 | D        | Reached XP level 20. HP: 256/256 MP: 41/41
 10356 | D        | Noticed a pearl dragon
 10357 | D        | Noticed Xtahua
 10360 | D        | Noticed a Killer Klown
 10367 | D        | Killed Xtahua
 10368 | D        | Killed a pearl dragon
 10370 | D        | Killed a Killer Klown
 10372 | D        | Paralysed by a floating eye for 3 turns
 10575 | D        | Noticed Xaup the pandemonium lord
 10577 | D        | Noticed an orb of fire
 10586 | D        | Killed Xaup the pandemonium lord
 10587 | D        | Noticed a profane servitor
 10590 | D        | Killed a profane servitor
 10593 | D        | Killed an orb of fire
 10594 | D        | Noticed an ancient lich
 10614 | D        | Killed an ancient lich
 10660 | D        | Lost mutation: Your body sometimes deteriorates upon taking
                  | damage. [potion of mutation]
 10660 | D        | Lost mutation: Your mind is acute. (Int +4, Str/Dex -1)
                  | [potion of mutation]
 10660 | D        | Lost mutation: You are clumsy. (Dex -2) [potion of
                  | mutation]
 10660 | D        | Gained mutation: You are clumsy. (Dex -2) [potion of
                  | mutation]
 10660 | D        | Gained mutation: You have hidden genetic potential. [potion
                  | of mutation]
 10676 | D        | Noticed Zoteabb the pandemonium lord
 10676 | D        | Noticed Pitafus the pandemonium lord
 10677 | D        | Noticed a pearl dragon
 10678 | D        | Noticed Gloorx Vloq
 10679 | D        | Noticed Hephy the pandemonium lord
 10679 | D        | Noticed Louise
 10680 | D        | Killed Louise
 10880 | D        | Killed Hephy the pandemonium lord
 10887 | D        | Killed a pearl dragon
 11024 | D        | Killed Gloorx Vloq
 11025 | D        | Reached skill level 10 in Armour
 11025 | D        | Reached skill level 10 in Dodging
 11089 | D        | Killed Zoteabb the pandemonium lord
 11094 | D        | Killed Pitafus the pandemonium lord
 11113 | D        | Noticed an ancient lich
 11117 | D        | Killed an ancient lich
 11174 | D        | Reached XP level 21. HP: 261/265 MP: 46/46
 11251 | D        | Got the Orb of Zot
 11362 | D        | Escaped with the Orb!

Illustrated notes

Levels and vault maps discovered:
D:        pitsprint [storerooms_1, entrance_room_1, metal_vault_1, armoury_2,
          mini_pit_1, grid_room_1, main_hall_1, silver_pit, the_coven_3,
          the_vestibule_1, steel_vault_1, golden_pit, hallway_of_sentries,
          crystal_vault_4, iron_vault_4, final_vault]

Skill      XL: |  1  2  3  4  5  6  7  8  9 10 11 12 13 14 15 16 17 18 19 20 21 |
---------------+----------------------------------------------------------------+-----
Fighting       | 1 2 3 4 5 6 7 8 10 11 12 14 17 19 23 26 27 | 27.0
Unarmed Combat | 4 5 7 9 11 13 14 16 18 20 25 27 | 27.0
Shapeshifting  | 4 5 6 7 8 9 10 13 18 22 23 25 27 | 27.0
Armour         | 4 7 8 12 | 12.9
Dodging        | 5 8 12 13 | 13.0
Throwing       | 7 12 16 20 24 27 | 27.0
Evocations     | 1 11 16 17 | 17.3
Spellcasting   | 10 18 22 | 22.8
Ice Magic      | 12 21 26 | 26.6

Action                     |  1- 3 |  4- 6 |  7- 9 | 10-12 | 13-15 | 16-18 | 19-21 || total
---------------------------+-------+-------+-------+-------+-------+-------+-------++-------
  Melee: Unarmed           |    18 |    30 |    31 |   192 |   437 |   280 |   300 ||  1288
         Punch             |     1 |     1 |     4 |    20 |    70 |    41 |    54 ||   191
  Throw: Large rock        |       |       |       |       |    21 |       |     3 ||    24
   Cast: Polar Vortex      |       |       |       |       |       |       |     6 ||     6
 Invoke: Call Merchant     |       |       |     1 |     2 |     6 |     6 |     2 ||    17
         Potion Petition   |       |       |       |       |       |     5 |     6 ||    11
  Evoke: Condenser vane    |       |       |       |       |       |     3 |       ||     3
         Phial of floods   |       |       |       |       |       |     1 |       ||     1
    Use: Potion            |     1 |       |     2 |     6 |    15 |     5 |    13 ||    42
         Scroll            |       |       |       |     3 |     1 |     4 |     5 ||    13
   Stab: Distracted        |       |     1 |       |       |     4 |     2 |     4 ||    11
         Invisible         |       |       |       |     6 |     4 |     5 |       ||    15
         Petrified         |       |       |       |       |     6 |       |       ||     6
         Petrifying        |       |       |       |       |     2 |       |       ||     2
         Confused          |       |       |       |       |     1 |       |       ||     1
         Sleeping          |       |       |       |       |       |     3 |       ||     3
 Armour: Animal skin       |     2 |     6 |       |       |       |       |       ||     8
         Robe              |       |       |    11 |       |       |       |       ||    11
         Gold dragon scale |       |       |       |    93 |   113 |       |       ||   206
         Skin              |       |       |       |       |    78 |   166 |   240 ||   484
  Dodge: Dodged            |     4 |    10 |    21 |    40 |   108 |   225 |   116 ||   524
  Block: Other             |       |       |       |       |       |    31 |       ||    31
   Form: Statue            |       |       |       |       |     1 |       |       ||     1

Table legend: (Time is in decaauts) A = Elapsed time spent in this place. B = Non-inter-level travel time spent in this place. C = Inter-level travel time spent in this place. D = Time resting spent in this place. E = Time spent auto-exploring this place. F = Levels seen in this place. G = Mean time per level. A B C D E F G +--------+--------+--------+--------+--------+-----+--------+ Total | 13198 | 12838 | 360 | 5969 | 92 | 1 | 13198.0 | Dungeon | 13198 | 12838 | 360 | 5969 | 92 | 1 | 13198.0 | +--------+--------+--------+--------+--------+-----+--------+

Top non-repeatable levels by time:
       D: 13198 daAuts
